 Dungeon Crawl Stone Soup version 0.19-a0-687-g35db334 (webtiles) character file.

81 LORDOFBUTT the Covered (level 4, 0/40 HPs)
             Began as a Minotaur Fighter on June 19, 2016.
             Slain by Buffagor's ghost (7 damage)
             ... on level 3 of the Dungeon.
             The game lasted 00:01:22 (1536 turns).

LORDOFBUTT the Covered (Minotaur Fighter)           Turns: 1536, Time: 00:01:22

Health: 0/40       AC:  7    Str: 25    XL:     4   Next: 19%
Magic:  3/3        EV:  8    Int:  5    God:
Gold:   87         SH: 10    Dex: 11    Spells: 0 memorised, 3 levels left

rFire  . . .     SeeInvis .     a - +0 war axe
rCold  . . .     Gourm    .     b - +0 scale mail
rNeg   . . .     Faith    .     c - +0 shield
rPois  .         Spirit   .     (helmet restricted)
rElec  .         Dismiss  .     (no cloak)
rCorr  .         Reflect  .     (no gloves)
SustAt .         Harm     .     (no boots)
MR     .....                    (no amulet)
Stlth  ..........               (no ring)
                                (no ring)

@: mighty, not resistant to hostile enchantments, extremely unstealthy
A: retaliatory headbutt, horns 2
a: no special abilities


You were on level 3 of the Dungeon.
You were not hungry.

You visited 1 branch of the dungeon, and saw 3 of its levels.

You collected 87 gold pieces.

Inventory:

Hand Weapons
 a - a +0 war axe (weapon)
Armour
 b - a +0 scale mail (worn)
 c - a +0 shield (worn)
Scrolls
 h - 2 scrolls of enchant weapon {unknown}
 i - a scroll of noise {unknown}
 j - a scroll of random uselessness {unknown}
 l - a scroll of amnesia {unknown}
 n - a scroll of blinking {unknown}
 p - a scroll of remove curse
Potions
 e - 3 potions of curing {unknown}
 m - a potion of degeneration {unknown}
 o - a potion of lignification {unknown}
Comestibles
 f - 2 bread rations
 g - a meat ration
 k - a royal jelly
 q - a beef jerky


   Skills:
 + Level 4.0 Fighting
 + Level 3.0 Axes
 + Level 4.4 Armour
 + Level 1.5 Dodging
 + Level 4.4 Shields


You had 3 spell levels left.
You didn't know any spells.

Dungeon Overview and Level Annotations

Branches:
Dungeon (3/15)

Altars:
Fedhas
Qazlal
Uskayaw

Annotations:
D:3 Buffagor's ghost, amateur DsFi


Innate Abilities, Weirdness & Mutations

You reflexively headbutt those who attack you in melee.
You have a pair of horns on your head.


Message History

You feel very mighty all of a sudden. Buffagor's ghost hits you!
You block the orc's attack.
You hit Buffagor's ghost but do no damage.
You headbutt Buffagor's ghost, but do no damage.
Buffagor's ghost is lightly damaged.
You barely miss the orc. Buffagor's ghost hits you.
The orc hits you but does no damage. Buffagor's ghost barely misses you.
You furiously retaliate!
You headbutt Buffagor's ghost. You barely miss Buffagor's ghost.
Buffagor's ghost is lightly damaged.
You closely miss the orc. The orc hits you.
* * * LOW HITPOINT WARNING * * *
Buffagor's ghost hits you.
* * * LOW HITPOINT WARNING * * *
The orc hits you but does no damage.
You slash Buffagor's ghost!
Buffagor's ghost is moderately damaged.
You barely miss the orc. Buffagor's ghost barely misses you.
You block the orc's attack. Buffagor's ghost hits you!
You die...

.... .... .... ...
..# ######..#
#....W..#
#####...@o..#
####.........#.#
###....##......#.
####...#####.##..##.#
.##..### #.##......
.#..## #.##.##.#.#
...## #....# .#. ..##
####.. #.## ..# #..
#.<##


You could see Buffagor's ghost and an orc.

Vanquished Creatures
  2 adders
  An ooze (D:2)
  A worm (D:2)
  2 dart slugs (D:1)
  4 giant geckos
  6 bats
  2 giant cockroaches
  3 hobgoblins
  A quokka (D:2)
  4 ball pythons (D:1)
  5 giant newts
  7 goblins
  4 kobolds
  7 rats
49 creatures vanquished.

Notes
Turn   | Place    | Note
--------------------------------------------------------------
     0 | D:1      | LORDOFBUTT the Minotaur Fighter began the quest for the Orb.
     0 | D:1      | Reached XP level 1. HP: 19/19 MP: 0/0
   103 | D:1      | Reached XP level 2. HP: 23/27 MP: 1/1
   769 | D:2      | Reached XP level 3. HP: 32/33 MP: 2/2
   932 | D:2      | Found a stormy altar of Qazlal.
   934 | D:2      | Found a blossoming altar of Fedhas.
   994 | D:2      | Reached skill level 1 in Dodging
  1132 | D:2      | Found a hide-covered altar of Uskayaw.
  1470 | D:3      | Reached XP level 4. HP: 40/40 MP: 3/3
  1525 | D:3      | Noticed Buffagor's ghost (amateur DsFi)
  1536 | D:3      | Slain by Buffagor's ghost

Vault maps used:
D:1:      onia_arrival_handbag
D:2:      grunt_temple_overflow_forces_of_nature, eat_drink_and_be_merry_uskayaw
D:3:      grunt_gozag_statues, hangedman_abyss_or_decor_stabs

Skill      XL: |  1  2  3  4 |
---------------+-------------+-----
Shields        | 4 |  4.4
Armour         | 4 |  4.4
Fighting       | 4 |  4.0
Dodging        | 1 |  1.5
Axes           | 3 |  3.0

Action                   |  1- 3 |  4- 6 || total
-------------------------+-------+-------++-------
Melee: War axe           |   107 |    16 ||   123
       Headbutt          |    10 |     3 ||    13
  Use: Scroll            |     3 |       ||     3
       Potion            |     2 |     1 ||     3
  Eat: Meat ration       |     1 |       ||     1
Armor: Scale mail        |    58 |     6 ||    64
Dodge: Dodged            |    38 |     5 ||    43
Block: Shield            |    70 |    12 ||    82
